 Dungeon Crawl Stone Soup version 0.23.2-1-ga50397a6bc (webtiles) character file.

Game seed: 3002642129461033367

440 Mrkan the Shield-Bearer (level 7, 0/44 HPs)
             Began as a Gargoyle Fighter on May 13, 2019.
             Was a Believer of Qazlal.
             Slain by a gnoll
             ... wielding a +0 spear
              (10 damage)
             ... on level 4 of the Dungeon.
             The game lasted 00:08:18 (2732 turns).

Mrkan the Shield-Bearer (Gargoyle Fighter)          Turns: 2732, Time: 00:08:19

Health: 0/44       AC: 11    Str: 20    XL:     7   Next: 2%
Magic:  7/7        EV:  8    Int:  8    God:    Qazlal [**....]
Gold:   137        SH: 13    Dex: 11    Spells: 6/6 levels left

rFire    . . .     SeeInvis .   a - +0 flail
rCold    . . .     Gourm    .   c - +0 shield
rNeg     + . .     Faith    .   b - +0 scale mail
rPois    ∞         Spirit   .   (no helmet)
rElec    +         Reflect  .   (no cloak)
rCorr    .         Harm     .   (no gloves)
MR       .....                  (no boots)
Stlth    ..........             (no amulet)
HPRegen  0.14/turn              (no ring)
MPRegen  0.10/turn              (no ring)

@: no status effects
A: negative energy resistance 1, electricity resistance, unbreathing,
petrification resistance, rot immunity, AC +4
a: Upheaval, Renounce Religion


You were on level 4 of the Dungeon.
You worshipped Qazlal.
Qazlal was pleased with you.
You were hungry.

You visited 1 branch of the dungeon, and saw 4 of its levels.

You collected 137 gold pieces.

Inventory:

Hand Weapons
 a - a +0 flail (weapon)
Armour
 b - a +0 scale mail (worn)
 c - a +0 shield (worn)
Jewellery
 n - an uncursed ring of poison resistance {unknown}
 w - an uncursed ring of poison resistance {unknown}
Scrolls
 e - 2 scrolls of immolation {unknown}
 g - a scroll of magic mapping {unknown}
 i - a scroll of fear {unknown}
 k - 2 scrolls of teleportation {unknown}
 l - a scroll of fog {unknown}
 m - 2 scrolls of identify {unknown}
 o - 2 scrolls of noise {unknown}
 q - a scroll of remove curse {unknown}
 r - a scroll of enchant armour {unknown}
 s - a scroll of blinking {unknown}
 t - a scroll of amnesia {unknown}
Potions
 d - 2 potions of might
 h - a potion of flight {unknown}
 j - a potion of haste {unknown}
 p - 4 potions of curing
 u - a potion of degeneration {unknown}
 v - a potion of berserk rage
Comestibles
 f - 8 rations


   Skills:
 * Level 5.3 Fighting
 - Level 2.0 Maces & Flails
 - Level 3.2 Armour
 * Level 7.2 Shields


You had 6 spell levels left.
You didn't know any spells.
Your spell library was empty.

Dungeon Overview and Level Annotations

Branches:
Dungeon (4/15)
 Temple: D:4-7

Altars:
Dithmenos
Hepliaklqana
Okawaru
Qazlal
Trog
Uskayaw
Xom


Innate Abilities, Weirdness & Mutations

You are resistant to torment.
Your stone body is resilient. (AC +4)
You are immune to poison.
You resist negative energy. (rN+)
You are resistant to electric shocks. (rElec)
You can survive without breathing.
You are immune to petrification.
You are immune to rotting.


Message History

The gnoll hits you with a +0 spear! You block the gnoll's attack.
You closely miss the gnoll.
The gnoll is moderately wounded.
The gnoll hits you with a +0 spear. You block the gnoll's attack.
You thump the gnoll!
The gnoll is severely wounded.
The gnoll hits you with a +0 spear!
* * * LOW HITPOINT WARNING * * *
You block the gnoll's attack.
You closely miss the gnoll.
The gnoll is severely wounded.
You block the gnoll's attack. The gnoll barely misses you.
You hit the gnoll.
The gnoll is severely wounded.
The gnoll completely misses you. You block the gnoll's attack.
You block the gnoll's attack.
There is an open door here.
There is an escape hatch in the ceiling here.
The gnoll hits you but does no damage. The gnoll hits you with a +0 spear!
You die...

................#.#..##......###
.>.....)))......._.............##
..÷...).#.......#.#..............
........##.............#.....###'
.............##........##....# #.
........................###..###.
.....###.....#.........## ##.+.._
.............##........# #..####
................@○.....## #..# ##
...####....####g###.....###..####
.....#...##.##...###.............
..........#.##...###...######....
........###.##...##...#######.###
.........#..##...##.......#......
.......#....##...##............##
.......##..###_._##........##....
......###.#########........#)##..


You could see a gnoll (berserk).

Vanquished Creatures
  An ogre (D:4)
  A hound (D:4)
  A bullfrog zombie (D:4)
  3 worker ants (D:4)
  Robin (D:3)
  7 gnolls
  6 adders
  4 worms (D:2)
  A dart slug (D:2)
  5 leopard geckos
  3 orcs
  2 ball pythons (D:2)
  A giant cockroach (D:4)
  18 goblins
  8 hobgoblins
  3 jackals (D:2)
  3 quokkas
  7 bats
  3 frilled lizards
  A kobold (D:2)
  A quokka skeleton (D:4)
  2 rats
82 creatures vanquished.

Notes
Turn   | Place    | Note
-------+----------+-------------------------------------------
     0 | D:1      | Mrkan the Gargoyle Fighter began the quest for the Orb.
     0 | D:1      | Reached XP level 1. HP: 14/14 MP: 1/1
   293 | D:1      | Reached XP level 2. HP: 16/19 MP: 2/2
   876 | D:2      | Found a shadowy altar of Dithmenos.
   892 | D:2      | Found a stormy altar of Qazlal.
   902 | D:2      | Became a worshipper of Qazlal Stormbringer
   928 | D:2      | Reached skill level 4 in Shields
   928 | D:2      | Reached XP level 3. HP: 20/24 MP: 3/3
  1072 | D:2      | Found a hazy altar of Hepliaklqana.
  1208 | D:2      | Reached XP level 4. HP: 29/29 MP: 4/4
  1610 | D:3      | Reached skill level 5 in Shields
  1627 | D:3      | Reached XP level 5. HP: 31/34 MP: 5/5
  1674 | D:3      | Reached * piety under Qazlal
  1920 | D:3      | Noticed Robin
  1961 | D:3      | Killed Robin
  1996 | D:3      | Found a faded altar of an unknown god.
  2288 | D:4      | Reached skill level 5 in Fighting
  2288 | D:4      | Reached skill level 6 in Shields
  2288 | D:4      | Reached XP level 6. HP: 31/40 MP: 6/6
  2300 | D:4      | Found a hide-covered altar of Uskayaw.
  2408 | D:4      | Reached ** piety under Qazlal
  2464 | D:4      | Reached skill level 7 in Shields
  2637 | D:4      | Found a shimmering altar of Xom.
  2680 | D:4      | Reached XP level 7. HP: 42/44 MP: 7/7
  2715 | D:4      | Found an iron altar of Okawaru.
  2716 | D:4      | Found a bloodstained altar of Trog.
  2732 | D:4      | Slain by a gnoll

Skill      XL: |  1  2  3  4  5  6 |
---------------+-------------------+-----
Shields        | 4 5 6 7 |  7.2
Fighting       | 4 5 |  5.3
Maces & Flails | |  2.0
Armour         | |  3.2

Action                   |  1- 3 |  4- 6 |  7- 9 || total
-------------------------+-------+-------+-------++-------
Melee: Flail             |   135 |   237 |    10 ||   382
  Eat: Chunk             |     1 |     5 |       ||     6
Armor: Scale mail        |    62 |   134 |     1 ||   197
Dodge: Dodged            |    49 |    71 |     5 ||   125
Block: Shield            |    74 |   196 |    11 ||   281
